 Dungeon Crawl Stone Soup version 0.31-a0-507-gbafd7f5274 (webtiles) character file.

Game seed: 14657931377121415593

1582 bobo the Covered (level 8, -2/71 HPs)
             Began as a Minotaur Fighter on Aug 7, 2023.
             Was a Follower of the Shining One.
             Killed by an exploding vampire mosquito (15 damage)
             ... ignited by their inner flame
             ... on level 6 of the Dungeon on Aug 9, 2023.
             The game lasted 00:11:36 (4523 turns).

bobo the Covered (Minotaur Fighter)                 Turns: 4523, Time: 00:11:37

Health: -2/71      AC: 16    Str: 22    XL:     8   Next: 60%
Magic:  7/10       EV:  7    Int:  5    God:    the Shining One [*.....]
Gold:   333        SH: 17    Dex: 11    Spells: 7/7 levels left

rFire   + . .        a - +0 flail
rCold   + + .        v - +0 kite shield
rNeg    . . .        b - +2 chain mail {Will+}
rPois   +            (helmet restricted)
rElec   +            (no cloak)
rCorr   +            t - +1 pair of gloves
SInv    .            i - +0 pair of boots
Will    +....        (no amulet) Stlth
                     r - ring of protection from cold
HPRegen 0.31/turn    (no ring)
MPRegen 0.12/turn

%: no passive effects
@: mighty, divinely shielded, resistant, hasted, glowing, very quick
A: horns 2, retaliatory headbutt
a: Renounce Religion, Divine Shield


You were on level 6 of the Dungeon.
You worshipped the Shining One.
The Shining One was aware of your devotion.
You visited 1 branch of the dungeon, and saw 6 of its levels.

You collected 333 gold pieces.

Inventory:

Hand Weapons
 a - a +0 flail (weapon)
 x - a +0 mace of holy wrath
Missiles
 q - a throwing net
Armour
 b - a +2 chain mail of willpower (worn)
 i - a +0 pair of boots (worn)
 t - a +1 pair of gloves (worn)
 v - a +0 kite shield (worn)
Jewellery
 r - a ring of protection from cold (left hand)
 z - an amulet of faith
Wands
 A - a wand of paralysis (6)
Scrolls
 h - a scroll of poison
 o - 2 scrolls of identify
 s - a scroll of noise {unknown}
 u - a scroll of teleportation {unknown}
 w - a scroll of enchant weapon {unknown}
 y - a scroll of summoning {unknown}
 B - a scroll of enchant armour {unknown}
Potions
 c - a potion of cancellation {unknown}
 d - 2 potions of might
 e - a potion of berserk rage {unknown}
 f - a potion of brilliance {unknown}
 g - a potion of resistance
 j - 2 potions of haste
 k - 5 potions of curing
 m - a potion of lignification {unknown}
 p - a potion of enlightenment {unknown}


   Skills:
 + Level 6.9 Fighting
 + Level 6.3 Maces & Flails
 + Level 7.0 Armour
 + Level 7.0 Shields
 + Level 4.1 Invocations


You had 7 spell levels left.
You didn't know any spells.
Your spell library contained the following spells:

 Spells                   Type           Power      Damage    Failure   Level
 Ensorcelled Hibernation  Hex/Ice        0%         N/A       100%        2


Dungeon Overview and Level Annotations

Branches:
Dungeon (6/15)
 Temple: D:4-7

Altars:
Ru
Sif Muna
Trog
Vehumet
Wu Jian
Xom
The Shining One

Annotations:
D:3 1 runed translucent door, Pokonic1's ghost, amateur DsEE


Innate Abilities, Weirdness & Mutations

You have a pair of horns on your head.
You reflexively headbutt those who attack you in melee.


Message History

Flame seeps out of the ufetubus.
The bullfrog is engulfed in poison gas.
The bullfrog looks even sicker.
Flame seeps out of the bullfrog.
Cornered, the bullfrog turns to fight!
The hound is engulfed in poison gas.
The hound looks even sicker.
Flame seeps out of the hound.
It was a potion of curing.
You feel better.
Flame seeps out of the orc warrior.
Flame seeps out of the bullfrog.
The vampire mosquito bites you but does no damage.
The bullfrog is engulfed in poison gas.
The bullfrog looks even sicker.
Flame seeps out of the bullfrog.
The ufetubus is engulfed in poison gas.
The ufetubus looks even sicker.
The Shining One accepts your kill.
The ufetubus explodes!
The orc warrior is engulfed in poison gas.
The orc warrior looks even sicker.
Flame seeps out of the orc warrior.
Flame seeps out of something.
The hound is engulfed in poison gas.
The hound looks even sicker.
Flame seeps out of the hound.
You hear a shout!
You hear a howl!
You hear a shout!
You hear a bark!
You feel better.
You block the vampire mosquito's attack.
The bullfrog hits you but does no damage.
The hound is engulfed in poison gas.
The hound looks as sick as possible!
The hound explodes!
The vampire mosquito bites you.
The vampire mosquito draws strength from your injuries!
Flame seeps out of something.
Your Shields skill increases to level 7!
You completely miss the bullfrog.
Flame seeps out of the bullfrog.
You headbutt the bullfrog!
The bullfrog is almost dead.
The bullfrog explodes!
The fiery explosion engulfs you! You resist.
* * * LOW HITPOINT WARNING * * *
The fiery explosion engulfs the vampire mosquito!!
Flame seeps out of the vampire mosquito.
The vampire mosquito is almost destroyed.
The vampire mosquito is engulfed in blazing flames.
The Shining One accepts your kill.
The vampire mosquito explodes!
The fiery explosion engulfs you! You resist.
You die...

#........# ...#<....#
#####..###########
#.......§§§§§§§§#
#.......§§§§§§§§#
#.###...§§§§§§§§### ##§
.#.......§§§§§§§§§§#§§§§
.........§§§§§§.§○§§§§§§
.........§§§§§§§@§§§§§§§
........##########§.§§§§
........# §§§§#
........# §.#§ ........#
#o§ ........# §
........#


You could see an orc warrior (inner flame, fleeing, very poisoned).

Vanquished Creatures
  A wyvern (D:4)
  A vampire mosquito (D:6)
  An orc warrior (D:6)
  3 ice beasts
  3 centaurs (D:5)
  A bullfrog (D:6)
  3 scorpions
  A howler monkey (D:3)
  3 orc priests
  4 hounds
  A sleepcap (D:5)
  Jessica (D:3)
  An iguana (D:4)
  5 orc wizards
  7 adders
  A shadow imp (D:5)
  A white imp (D:5)
  2 ufetubi
  3 worms
  2 dart slugs
  18 orcs
  5 bats
  4 endoplasms
  4 giant cockroaches
  5 goblins
  13 hobgoblins
  7 jackals
  8 kobolds
  6 quokkas
  8 ball pythons
  3 frilled lizards
  5 rats
131 creatures vanquished.

Notes
Turn   | Place    | Note
-------+----------+-------------------------------------------
     0 | D:1      | bobo the Minotaur Fighter began the quest for the Orb.
     0 | D:1      | Reached XP level 1. HP: 19/19 MP: 0/0
   116 | D:1      | Reached XP level 2. HP: 23/27 MP: 1/1
   610 | D:2      | Reached XP level 3. HP: 27/33 MP: 2/2
   994 | D:2      | Reached XP level 4. HP: 40/40 MP: 3/3
  1363 | D:3      | Found a runed translucent door.
  1394 | D:3      | Upgraded the game from 0.31-a0-473-g61b50ae490 to
                  | 0.31-a0-507-gbafd7f5274
  1409 | D:3      | Found a glowing golden altar of the Shining One.
  1418 | D:3      | Became a worshipper of the Shining One
  1515 | D:3      | Reached XP level 5. HP: 38/47 MP: 4/4
  1629 | D:3      | Found a shimmering blue altar of Sif Muna.
  2016 | D:3      | Found a sacrificial altar of Ru.
  2050 | D:3      | Noticed Pokonic1's ghost (amateur DsEE)
  2077 | D:3      | Noticed Jessica
  2082 | D:3      | Killed Jessica
  2083 | D:3      | Reached skill level 1 in Invocations
  2088 | D:3      | Got Jessica's Exposition on Doom
  2471 | D:4      | Reached skill level 5 in Armour
  2477 | D:4      | Reached skill level 5 in Fighting
  2477 | D:4      | Reached skill level 5 in Shields
  2477 | D:4      | Reached XP level 6. HP: 36/56 MP: 4/6
  2658 | D:4      | Noticed a wyvern
  2663 | D:4      | Killed a wyvern
  2702 | D:4      | Reached * piety under the Shining One
  2795 | D:4      | Found an ornate altar of the Wu Jian Council.
  2830 | D:4      | Found a bloodstained altar of Trog.
  2885 | D:4      | Reached XP level 7. HP: 52/61 MP: 7/7
  3315 | D:5      | Entered Level 5 of the Dungeon
  3325 | D:5      | Reached skill level 5 in Maces & Flails
  3779 | D:5      | Reached XP level 8. HP: 56/70 MP: 9/9
  3868 | D:5      | Found a radiant altar of Vehumet.
  4031 | D:5      | Found a shimmering altar of Xom.
  4523 | D:6      | Killed by an exploding vampire mosquito... ignited by their
                  | inner flame

Illustrated notes

Levels and vault maps discovered:
D:1:      amcnicky_arrival_underground_garden, layout_basic
D:2:      layout_rooms
D:3:      layout_basic, general_overflow_altar, amcnicky_altar_gilded,
          nicolae_tso_carved_into_rock, ebering_ghost_reflecting_pool,
          kennysheep_jessica_study
D:4:      layout_loops_ring, overflow_temple_1_default,
          nicolae_overflow_hidden_temple, minmay_stone_trees_medium
D:5:      layout_basic, vehumet_crystals, kennysheep_little_box
D:6:      cheibrodos_fzero, layout_basic, uniq_blork_the_orc

Skill      XL: |  1  2  3  4  5  6  7  8 |
---------------+-------------------------+-----
Fighting       | 4 5 6 |  6.9
Armour         | 4 5 6 7 |  7.0
Shields        | 4 5 6 7 |  7.0
Maces & Flails | 3 4 5 6 |  6.3
Invocations    | 1 2 3 4 |  4.1

Action                     |  1- 3 |  4- 6 |  7- 9 || total
---------------------------+-------+-------+-------++-------
  Melee: Flail             |    82 |   127 |    71 ||   280
         Headbutt          |    10 |    20 |    29 ||    59
 Invoke: Divine Shield     |       |       |     2 ||     2
    Use: Scroll            |     2 |       |     4 ||     6
         Potion            |       |       |     5 ||     5
 Armour: Scale mail        |    41 |    45 |       ||    86
         Chain mail        |       |    34 |    65 ||    99
  Dodge: Dodged            |    35 |    52 |    34 ||   121
  Block: Buckler           |    21 |    30 |       ||    51
         Kite shield       |       |     5 |    67 ||    72

Table legend: (Time is in decaauts)
 A = Elapsed time spent in this place.
 B = Non-inter-level travel time spent in this place.
 C = Inter-level travel time spent in this place.
 D = Time resting spent in this place.
 E = Time spent auto-exploring this place.
 F = Levels seen in this place.
 G = Mean time per level.
                   A        B        C        D        E       F      G
               +--------+--------+--------+--------+--------+-----+--------+
         Total |   4587 |   4340 |    247 |      0 |   3579 |   6 |  764.5 |
       Dungeon |   4587 |   4340 |    247 |      0 |   3579 |   6 |  764.5 |
               +--------+--------+--------+--------+--------+-----+--------+

Top non-repeatable levels by time:
     D:3: 1420 daAuts
     D:5: 1168 daAuts
     D:4: 863 daAuts
     D:1: 566 daAuts
     D:2: 519 daAuts
     D:6: 49 daAuts
